Map: Orbital Shipyard

Players

Fullmetal - Winner!

  • Race: Terran Terran
  • League: Master

RepOduCK

  • Race: Zerg Zerg
  • League: Diamond

VOD

Have the link to the VOD?

Description

Time

  • Played on: Nov. 16, 2015, 11:26 p.m.
  • Length: 14:22
Show
View Real Time Build Order
Export as new Build Order

Fullmetal Terran - Winner!

Build Orders: Liberator Opening, Reaper Expand, Bio Tank, MMM Bio 

Get SALT Encoding   

  12  0:00  SCV  
  13  0:13  SCV  
  14  0:17  Supply Depot  
  14  0:25  SCV  
  15  0:39  SCV  
  15  0:40  Barracks  
  16  0:44  Refinery  
  16  0:51  SCV  
  17  1:03  SCV  
  18  1:15  SCV  
  19  1:27  Orbital Command  
  19  1:28  Reaper  
  20  1:44  Command Center  
  20  1:55  SCV  
  20  2:00  Supply Depot  
  20  2:01  Barracks Reactor  
  21  2:06  Refinery  
  21  2:07  SCV  
  22  2:19  SCV  
  23  2:26  Factory  
  23  2:32  SCV  
  24  2:38  Marine x2  
  26  2:44  SCV  
  27  2:56  Orbital Command  
  27  2:57  SCV  
  28  3:09  SCV  
  29  3:15  Starport  
  29  3:18  Barracks Reactor  
  29  3:21  SCV, Hellion x2  
  34  3:27  SCV  
  34  3:32  Refinery  
  34  3:33  SCV  
  36  3:39  SCV  
  37  3:42  Hellion x2  
  37  3:45  SCV  
  42  3:51  Liberator x2  
  42  3:53  SCV  
  43  3:58  SCV  
  51  4:10  Supply Depot, Hellion  
  51  4:12  Hellion  
  51  4:14  Supply Depot  
  54  4:31  SCV x2  
  54  4:32  Supply Depot  
  54  4:35  Barracks Tech Lab  
  54  4:37  Liberator x2  
  56  4:42  Barracks  
  56  4:43  SCV  
  56  4:44  Barracks  
  56  4:45  Factory Reactor  
  57  4:53  SCV  
  57  4:55  SCV  
  65  5:00  Supply Depot, Marine  
  65  5:01  Stimpack  
  65  5:05  SCV  
  67  5:08  SCV  
  68  5:17  SCV  
  68  5:19  Marauder  
  68  5:20  SCV  
  72  5:21  Liberator  
  72  5:24  Supply Depot  
  72  5:30  SCV  
  72  5:35  Marine x2  
  73  5:41  Factory Tech Lab  
  78  5:44  SCV  
  78  5:45  Marine x2  
  78  5:47  Liberator  
  78  5:52  Command Center  
  78  5:54  Marine x2  
  78  5:56  Marine  
  81  5:59  Engineering Bay  
  81  6:00  Refinery  
  81  6:01  Engineering Bay  
  81  6:02  Marine x2  
  83  6:04  Liberator  
  86  6:12  Marine x2  
  86  6:14  SCV, Marine  
  90  6:20  Marine  
  91  6:26  Marine  
  91  6:30  Marine  
  93  6:34  Supply Depot  
  93  6:35  Siege Tank  
  93  6:36  Marine x2  
  95  6:40  Supply Depot  
  95  6:45  Liberator  
  95  6:47  Terran Infantry Weapons Level 1  
  95  6:48  Terran Infantry Armor Level 1  
  95  6:51  SCV  
  95  6:52  Marine x2  
  95  6:53  Barracks  
  95  6:55  Barracks  
  95  6:56  Missile Turret, Marine  
  99  7:10  SCV  
  99  7:11  SCV  
  96  7:16  Marine  
  96  7:20  Marine x2, Liberator  
  96  7:21  Siege Tank  
  94  7:23  SCV x2, Orbital Command  
  94  7:26  Combat Shields  
  96  7:35  SCV x2  
  98  7:40  Marine x2  
  98  7:41  Barracks Reactor  
  98  7:43  Barracks Reactor  
  103  7:47  SCV x2, Missile Turret  
  103  7:48  Liberator  
  105  7:52  SCV  
  105  7:55  Armory, Marine  
  107  7:59  SCV, Supply Depot  
  107  8:00  Marine x2  
  107  8:01  Refinery  
  113  8:07  SCV  
  113  8:08  Marine  
  113  8:09  Marine  
  113  8:10  Supply Depot  
  113  8:12  SCV  
  117  8:14  Marine  
  117  8:17  Siege Tank  
  117  8:18  Marine  
  122  8:21  Marine x3  
  122  8:22  SCV  
  122  8:24  Supply Depot  
  126  8:29  Supply Depot, Marine x2  
  128  8:34  Marine  
  129  8:44  Marine x3  
  132  8:48  Marine x2  
  132  8:54  Missile Turret  
  137  8:57  Medivac x2  
  137  8:58  Factory  
  137  8:59  Marine x2  
  137  9:00  Command Center  
  137  9:03  Terran Infantry Weapons Level 2  
  137  9:05  Marine x3  
  137  9:07  Supply Depot  
  140  9:10  SCV x2, Supply Depot  
  140  9:14  Refinery  
  133  9:17  Marine x4  
  137  9:24  Marine x2  
  137  9:25  Marine  
  137  9:26  Liberator x2, Marine  
  137  9:28  Siege Tank  
  143  9:42  Marine x2  
  113  9:53  Marine  
  113  9:56  Marine x4  
  109  10:00  Factory Tech Lab  
  109  10:01  Marine x2  
  109  10:02  Barracks  
  109  10:04  Barracks  
  109  10:05  Barracks  
  111  10:08  SCV  
  111  10:11  Starport  
  99  10:16  Marine x2  
  99  10:17  Marine x5  
  99  10:18  Siege Tank  
  99  10:19  Marine x2  
  99  10:21  Siege Tank  
  112  10:22  SCV x2  
  112  10:27  Terran Infantry Armor Level 2  
  114  10:29  Terran Vehicle And Ship Armor Level 1  
  114  10:34  Marine x2, Medivac  
  114  10:35  Marine x2  
  120  10:38  Supply Depot  
  120  10:45  Marine x2  
  120  10:48  Marine x2  
  124  10:50  Siege Tank  
  124  10:51  Barracks Reactor  
  124  10:52  Barracks Reactor  
  127  10:57  Barracks Tech Lab  
  127  10:58  Liberator  
  127  10:59  Marauder  
  127  11:00  Marine  
  127  11:02  Starport Reactor  
  130  11:04  Marine x3  
  130  11:07  Liberator, Marine x2  
  130  11:08  Missile Turret  
  130  11:10  Marine x2  
  137  11:13  Missile Turret  
  137  11:17  Marine  
  141  11:20  Planetary Fortress, Marine  
  141  11:21  Marine  
  141  11:22  Marine x2  
  148  11:25  Marine  
  148  11:29  Marine  
  140  11:35  Marine  
  140  11:37  Marine, Liberator  
  140  11:39  Siege Tank x2  
  142  11:41  Liberator  
  130  11:49  Marine  
  130  11:50  Marine x9  
  133  11:55  Marine  
  133  11:56  Marine x2  
  133  12:00  SCV  
  135  12:07  Marine  
  135  12:08  SCV x2, Liberator  
  122  12:11  Missile Turret  
  121  12:16  SCV  
  121  12:17  SCV  
  123  12:27  SCV x2  
  123  12:29  Marine  
  129  12:31  SCV x2, Refinery  
  129  12:32  Marine x2  
  129  12:33  Marine x5  
  129  12:34  Marine x3  
  141  12:39  SCV x2  
  141  12:40  Refinery, Marine  
  141  12:41  Refinery  
  141  12:42  Supply Depot, Marine  
  145  12:44  Missile Turret  
  145  12:46  Siege Tank  
  147  12:54  Marine x2  
  147  12:56  Marine, Liberator  
  147  12:57  Marine x5  
  152  13:10  Marine x2  
  152  13:11  Marine x3  
  152  13:12  Marine  
  157  13:16  Marine x2  
  156  13:22  Marine x2  
  156  13:25  Marine x3  
  150  13:28  Marine x2  
  150  13:29  Marine x2  
  147  13:38  Marine  
  147  13:39  Marine x2  
  147  13:40  Marine  
  150  13:47  Marine x2  
  143  13:59  Marine x2  
  143  14:00  Marine x2  
  143  14:02  Marine x6  
Show
View Real Time Build Order
Export as new Build Order

RepOduCK Zerg 

Build Orders: Hatch First, Muta Ling Bane 

Get SALT Encoding   

  12  0:01  Drone  
  13  0:12  Overlord  
  13  0:18  Drone  
  14  0:31  Drone x2  
  16  0:48  Hatchery  
  15  0:51  Drone  
  15  0:55  Drone  
  17  1:09  Spawning Pool  
  16  1:12  Drone  
  16  1:15  Extractor  
  16  1:17  Drone  
  17  1:24  Drone  
  18  1:31  Drone  
  19  1:41  Overlord  
  19  1:56  Queen  
  19  1:57  Zergling x2  
  19  2:00  Zergling x2, Queen  
  19  2:01  Zergling x2  
  26  2:11  Drone x2  
  28  2:18  Metabolic Boost  
  30  2:22  Drone x2  
  30  2:33  Queen  
  32  2:39  Overlord  
  32  2:40  Drone  
  33  2:51  Drone x2  
  34  2:56  Drone  
  34  2:57  Overlord  
  35  3:07  Overlord  
  35  3:08  Drone x3, Queen  
  40  3:16  Drone x3  
  40  3:17  Drone  
  44  3:31  Hatchery, Drone  
  44  3:37  Drone x2  
  44  3:38  Drone x2  
  48  3:49  Roach Warren  
  48  3:50  Drone x3  
  48  3:55  Queen  
  50  4:01  Extractor  
  51  4:09  Lair  
  51  4:10  Overlord  
  51  4:11  Drone x5  
  56  4:19  Overlord, Extractor  
  55  4:33  Roach x5  
  55  4:37  Overlord x2  
  65  4:38  Extractor  
  65  4:43  Queen  
  65  4:58  Spore Crawler  
  64  5:00  Drone x2  
  64  5:01  Drone x4  
  70  5:12  Drone  
  70  5:13  Drone, Spire  
  71  5:14  Drone x3  
  71  5:15  Drone x3  
  77  5:24  Spore Crawler  
  77  5:27  Spore Crawler  
  75  5:35  Ravager x3  
  77  5:40  Drone x5  
  83  5:48  Drone x3  
  83  5:49  Drone x6  
  92  5:52  Extractor  
  92  5:54  Extractor  
  92  5:56  Evolution Chamber  
  89  5:59  Evolution Chamber, Drone x4  
  89  6:03  Overlord x2  
  89  6:04  Overlord  
  88  6:23  Drone  
  88  6:24  Drone x3  
  90  6:25  Corruptor x2  
  92  6:34  Drone x3  
  94  6:42  Drone x2  
  95  6:53  Baneling Nest, Zerg Melee Weapons Level 1  
  91  6:56  Overlord  
  91  6:57  Zergling x4  
  91  6:58  Zergling x10  
  98  7:05  Zergling x2  
  98  7:17  Hatchery  
  98  7:21  Zerg Ground Armor Level 1  
  98  7:22  Overlord  
  96  7:26  Drone x4  
  100  7:31  Drone x5  
  104  7:37  Zerg Flyer Weapons Level 1, Centrifical Hooks  
  104  7:39  Overlord  
  104  7:40  Drone x2  
  104  7:41  Drone  
  104  7:42  Drone  
  108  7:48  Hatchery, Queen  
  108  7:51  Zergling x10  
  114  8:03  Baneling x3  
  114  8:04  Baneling x3  
  114  8:05  Mutalisk x4  
  114  8:09  Mutalisk x3  
  114  8:10  Hatchery  
  127  8:13  Drone x2  
  127  8:16  Extractor x2  
  127  8:46  Overlord, Drone  
  127  8:47  Drone x5  
  133  8:52  Drone x3  
  133  8:53  Spore Crawler  
  133  8:54  Queen  
  137  8:55  Spine Crawler  
  137  8:57  Spine Crawler  
  135  9:03  Pneumatized Carapace  
  135  9:16  Zergling x10  
  135  9:17  Zergling x12  
  146  9:21  Zergling x6  
  149  9:25  Baneling x8  
  149  9:26  Overlord  
  149  9:30  Zergling x6  
  149  9:31  Zergling x4  
  154  9:41  Zergling x12  
  154  9:42  Zergling x14  
  159  9:51  Zergling x2  
  159  9:52  Zergling x10  
  140  9:56  Zergling x4  
  140  9:59  Zergling x4  
  135  10:12  Mutalisk x2  
  135  10:13  Mutalisk x8  
  149  10:18  Mutalisk x2  
  153  10:29  Baneling x7  
  153  10:30  Baneling x4  
  153  10:31  Baneling x5  
  153  10:32  Zergling x14  
  153  10:33  Queen, Zergling x2  
  163  10:37  Mutalisk x5  
  163  10:38  Mutalisk x3  
  163  10:40  Zergling x2  
  163  10:42  Overlord x3  
  180  10:54  Overseer  
  180  10:56  Overseer  
  180  10:59  Baneling x2  
  180  11:02  Extractor x2  
  178  11:05  Drone x5  
  178  11:06  Drone x2, Overlord  
  178  11:07  Zergling x2  
  178  11:08  Zergling x22  
  196  11:15  Overlord  
  196  11:19  Spine Crawler  
  196  11:22  Spore Crawler  
  143  11:48  Mutalisk x8  
  143  11:49  Mutalisk x4  
  143  11:52  Zergling x18  
  167  12:00  Zergling x2  
  144  12:11  Zergling x10  
  144  12:12  Zergling x10  
  152  12:26  Baneling x5  
  152  12:27  Baneling x9  
  152  12:28  Zergling x2  
  152  12:29  Zergling x12  
  159  12:34  Drone x2  
  159  12:35  Drone  
  159  12:36  Drone  
  163  12:52  Zergling x2  
  163  12:53  Zergling x22  
  163  12:55  Baneling x4  
  175  12:58  Zergling x2  
  175  12:59  Zergling x10  
  181  13:08  Zergling x12  
  187  13:13  Zergling x6  
  173  13:28  Zergling x18  
  176  13:41  Zergling x2  
  176  13:42  Zergling x10  
  147  14:01  Hatchery  
Tags
 
Add a new tag
Caveats
  • Supply blocks, unpowered buildings, or Contaminate may cause inaccurate times.
  • Supply counts are checked every 10 seconds.